 Dungeon Crawl Stone Soup version 0.29.0-11-gd7f09526c8 (webtiles) character file.

Game seed: 14313916117633741042

48 ImASeal the Trooper (level 3, -5/36 HPs)
             Began as a Troll Fighter on Sept 5, 2022.
             Killed by divine providence
             ... invoked by an orc priest
              (14 damage)
             ... on level 3 of the Dungeon.
             The game lasted 00:03:01 (2075 turns).

ImASeal the Trooper (Troll Fighter)                 Turns: 2075, Time: 00:03:01

Health: -5/36      AC:  4    Str: 26    XL:     3   Next: 50%
Magic:  2/2        EV:  8    Int:  4    God:
Gold:   179        SH:  7    Dex:  9    Spells: 2/2 levels left

rFire   . . .      SeeInvis .   a - +0 war axe
rCold   . . .      Faith    .   c - +0 kite shield
rNeg    . . .      Spirit   .   b - +0 robe
rPois   .          Reflect  .   (helmet restricted)
rElec   .          Harm     .   (no cloak)
rCorr   .          Rampage  .   (gloves unavailable)
Will    .....                   (boots unavailable)
Stlth   +.........              (no amulet)
HPRegen 0.92/turn               (no ring)
MPRegen 0.08/turn               (no ring)

@: no status effects
A: large, unfitting armour, claws 3, regeneration 1, shaggy fur 1, tough skin 1
a: no special abilities


You were on level 3 of the Dungeon.
You visited 1 branch of the dungeon, and saw 3 of its levels.

You collected 179 gold pieces.

Inventory:

Hand Weapons
 a - a +0 war axe (weapon)
Missiles
 i - 2 poisoned darts (quivered)
 j - 17 stones
Armour
 b - a +0 robe (worn)
 c - a +0 kite shield (worn)
Jewellery
 n - an amulet of faith
Scrolls
 e - 4 scrolls of identify {unknown}
 h - a scroll of blinking {unknown}
 k - a scroll of teleportation {unknown}
 l - a scroll of summoning {unknown}
 m - a scroll of immolation {unknown}
Potions
 d - 3 potions of might
 f - 2 potions of brilliance {unknown}
 g - 2 potions of haste {unknown}
 o - a potion of heal wounds {unknown}


   Skills:
 + Level 2.9 Fighting
 + Level 2.6 Axes
 - Level 2.5 Dodging
 - Level 2.8 Shields


You had 2 spell levels left.
You didn't know any spells.
Your spell library was empty.

Dungeon Overview and Level Annotations

Branches:
Dungeon (3/15)

Altars:


Innate Abilities, Weirdness & Mutations

You are too large for most types of armour.
You have claws for hands.
Your natural rate of healing is unusually fast.
You are covered in fur. (AC +1)
You have tough skin. (AC +1)


Message History

The orc shouts!
The orc priest shouts!
The orc shouts!
An orc wizard comes into view.
It is wielding a +0 dagger and wearing a +0 robe of fire resistance.
The orc wizard shouts!
You see here a +0 plate armour.
The orc suddenly complains.
The orc hits you from afar with a +0 trident.
You block the orc wizard's attack.
You see here a +0 plate armour.
You hit the orc wizard.
The orc wizard is lightly wounded.
The orc wizard closely misses you.
You barely miss the orc wizard.
The orc wizard is lightly wounded.
The orc wizard hits you but does no damage.
The orc hits you from afar with a +0 trident.
You block the orc wizard's attack.
You barely miss the orc wizard.
The orc wizard is lightly wounded.
The orc wizard hits you but does no damage.
The orc barely misses you.
You hit the orc wizard but do no damage.
The orc wizard is lightly wounded.
The orc priest mumbles some strange prayers to Beogh against you.
Beogh smites you!
The orc wizard hits you but does no damage.
You block the orc's attack. The orc barely misses you.
You closely miss the orc. The orc hits you with a +0 flail!
The orc hits you but does no damage.
You hit the orc.
The orc is heavily wounded.
The orc hits you from afar with a +0 trident.
The orc priest casts a cantrip, but nothing happens.
The orc barely misses you. The orc hits you but does no damage.
The orc priest looks encouraged for a moment.
You block the orc's attack. The orc attacks as you move away!
The orc hits you with a +0 flail.
* * * LOW HITPOINT WARNING * * *
The orc priest invokes the aid of Beogh against you.
Beogh smites you!
You die...

#.# #.# #.# #.#
##### #.# ...#
#.#
...####.#####.##
....>.oooo.@.<.#
##.###.######.##
... ...# #o..
##### .o...
#.#o.# .....#
##..#


You could see an orc priest, an orc wizard and 2 orcs.

Vanquished Creatures
  A worm (D:2)
  A dart slug (D:1)
  An orc (D:2)
  3 endoplasms (D:1)
  6 goblins
  4 hobgoblins
  A jackal (D:2)
  2 quokkas
  5 ball pythons (D:2)
  5 bats
  2 frilled lizards
  6 kobolds
  5 rats
42 creatures vanquished.

Notes
Turn   | Place    | Note
-------+----------+-------------------------------------------
     0 | D:1      | ImASeal the Troll Fighter began the quest for the Orb.
     0 | D:1      | Reached XP level 1. HP: 22/22 MP: 0/0
    66 | D:1      | Found a faded altar of an unknown god.
   195 | D:1      | Reached XP level 2. HP: 27/29 MP: 1/1
  1002 | D:2      | Reached XP level 3. HP: 35/36 MP: 2/2
  2075 | D:3      | Killed from afar by an orc priest

Illustrated notes

Levels and vault maps discovered:
D:1:      matt_arrival_spirals, layout_basic, nicolae_ecumenical_snake_handling
D:2:      layout_basic, minmay_octomino_c4
D:3:      layout_basic, lemuel_tele_altar, minmay_liquid_box, uniq_ijyb,
          uniq_jessica

Skill      XL: |  1  2 |
---------------+-------+-----
Axes           | 2 |  2.6
Fighting       | |  2.9
Dodging        | |  2.5
Shields        | |  2.8

Action                   || total
-------------------------++-------
Melee: War axe           ||   132
Armor: Robe              ||    42
Dodge: Dodged            ||    64
Block: Kite shield       ||    56
